AoeStats
← RagnarLothbrok

African Clearing

510426460Analyzed
4v4 RM · 14h ago on Oct 1, 2026· 52m 42s· 8 players
Game mode
Random Map
Map size
Large (8 player)
Population
200
Speed
Normal
Resources
Standard
Victory
Conquest
Starting age
Dark Age
Ending age
Imperial Age
RankedLock teamsTeams togetherTeam positionsShared explorationLock speedFull tech treeHidden civsTurbo modeCheats
Victory
Defeat
🇵🇾 Chinese · Paraguay
1384
+13
🇵🇾 Berbers · Paraguay
1375
+13
🇨🇳 Saracens · China
1327
+15
🇵🇪 Khitans · Peru
1286
+18
🇨🇦 Magyars · Canada
1341
-16
🇨🇱 Saxons · Chile
1326
-15
🇻🇪 Mongols · Venezuela
1322
-15
🇲🇽 Teutons · Mexico
1270
-13
p0psicle
5:05 Loom
12:53 Feudal Age
20:04 Castle Age
18:03 Gold Mining
20:55 Bloodlines
20:52 Scale Barding Armor
24:51 Double-Bit Axe
31:01 Fletching
32:10 Fletching
36:15 Bodkin Arrow
37:55 Chain Barding Armor
39:12 Town Watch
46:41 Bow Saw
LEÑA
8:15 Loom
14:19 Feudal Age
14:58 Double-Bit Axe
17:49 Castle Age
19:04 Bow Saw
18:34 Horse Collar
22:11 Heavy Plow
25:09 Wheelbarrow
28:19 Hand Cart
31:16 Imperial Age
29:06 Gold Mining
29:46 Scale Mail Armor
29:56 Forging
29:53 Gambesons
30:09 Squires
29:54 Arson
31:03 Chain Mail Armor
32:56 Two-Man Saw
31:20 Shield Wall
32:21 Conscription
31:24 Elite Varangian Guard
32:56 Crop Rotation
36:18 Gold Shaft Mining
36:52 Plate Mail Armor
39:05 Iron Casting
41:38 Elite Skirmisher
42:23 Thumb Ring
42:09 Fletching
42:20 Padded Archer Armor
44:43 Bodkin Arrow
45:39 Bracer
50:09 Leather Archer Armor
53:28 Ballistics
54:09 Chemistry
RagnarLothbrok
6:36 Loom
11:24 Feudal Age
12:02 Double-Bit Axe
15:42 Fletching
23:00 Castle Age
21:11 Gold Mining
21:07 Horse Collar
23:25 Scale Barding Armor
30:04 Fishing Lines
32:22 Gillnets
34:01 Forging
34:15 Chain Barding Armor
35:29 Bodkin Arrow
36:10 Iron Casting
38:42 Wheelbarrow
37:52 Town Watch
39:23 Bow Saw
43:39 Imperial Age
42:12 Padded Archer Armor
42:33 Ballistics
42:24 Thumb Ring
43:12 Bloodlines
43:37 Leather Archer Armor
43:24 Husbandry
43:24 Stone Mining
44:27 Bracer
45:29 Chemistry
44:03 Light Cavalry
45:36 Hand Cart
45:22 Town Patrol
45:22 Onager
46:31 Capped Ram
46:58 Elite Mangudai
49:42 Conscription
50:03 Drill
51:03 Blast Furnace
49:50 Siege Ram
Manee
14:27 Feudal Age
13:57 Loom
21:24 Double-Bit Axe
24:01 Fletching
28:34 Town Watch
43:39 Castle Age
43:47 Castle Age
SS4M00
4:52 Loom
14:01 Feudal Age
14:58 Double-Bit Axe
15:15 Man-at-Arms
27:07 Castle Age
27:08 Long Swordsman
28:10 Forging
29:47 Iron Casting
32:45 Fletching
38:45 Bodkin Arrow
47:12 Bow Saw
47:10 Arson
49:56 Padded Archer Armor
49:44 Domestication
52:09 Wheelbarrow
刀他(她)
10:24 Loom
12:53 Feudal Age
15:07 Double-Bit Axe
17:42 Castle Age
16:11 Stone Mining
16:16 Gold Mining
16:18 Horse Collar
19:24 Wheelbarrow
28:30 Gold Shaft Mining
28:07 Bow Saw
30:57 Hand Cart
31:00 Husbandry
31:10 Bloodlines
35:49 Imperial Age
36:01 Forging
35:57 Scale Barding Armor
35:52 Elite Mameluke
36:53 Conscription
38:18 Iron Casting
38:04 Chain Barding Armor
38:16 Heavy Plow
39:18 Two-Man Saw
40:11 Chemistry
41:08 Town Watch
42:27 Blast Furnace
42:39 Chain Barding Armor
43:18 Bimaristan
43:44 Hoardings
43:33 Town Patrol
44:29 Ballistics
44:20 Masonry
47:06 Plate Barding Armor
48:37 Masonry
48:23 Fletching
48:33 Padded Archer Armor
51:18 Bodkin Arrow
52:18 Bracer
miguel_carl7s
10:04 Loom
12:51 Feudal Age
14:40 Town Watch
15:09 Double-Bit Axe
23:12 Castle Age
21:06 Horse Collar
23:21 Padded Archer Armor
23:11 Fletching
23:27 Elite Skirmisher
27:13 Wheelbarrow
29:07 Bodkin Arrow
32:19 Hand Cart
33:19 Leather Archer Armor
44:56 Bow Saw
52:28 Heavy Plow
DonNarko
6:18 Loom
14:09 Feudal Age
14:44 Double-Bit Axe
32:04 Castle Age
31:34 Scale Barding Armor
31:40 Forging
32:30 Bloodlines
32:45 Fletching
38:00 Wheelbarrow
39:34 Iron Casting
39:18 Gold Mining
40:19 Horse Collar
40:50 Bow Saw
41:15 Heavy Plow
41:49 Stone Mining
42:06 Town Watch
43:12 Hand Cart
45:19 Gold Shaft Mining
45:19 Stone Shaft Mining
47:42 Imperial Age
45:09 Bodkin Arrow
45:15 Padded Archer Armor
46:35 Ballistics
46:26 Masonry
47:04 Padded Archer Armor
47:12 Thumb Ring
48:06 Leather Archer Armor
48:44 Rocketry
48:47 Conscription
47:59 Elite Chu Ko Nu
48:40 Bracer
49:43 Chemistry
49:45 Architecture
49:47 Ring Archer Armor
50:26 Rocketry
50:07 Heavy Rocket Cart
52:09 Two-Man Saw
Connection lost

Rejoining the realm…

Still unreachable

The connection could not be restored.

Session expired

The server has moved on; the page needs a fresh start.